 Dungeon Crawl Stone Soup version 0.29-a0-9-g022ca4c890 (webtiles) character file.

Game seed: 5375858669958243162

3737 jfcaron the Fighter (level 9, -11/84 HPs)
             Began as a Minotaur Cinder Acolyte on Jan 28, 2022.
             Was a Follower of Ignis.
             Mangled by Harold (22 damage)
             ... on level 7 of the Dungeon.
             The game lasted 00:17:28 (7554 turns).

jfcaron the Fighter (Minotaur Cinder Acolyte)       Turns: 7554, Time: 00:17:29

Health: -11/84     AC: 12    Str: 22    XL:     9   Next: 93%
Magic:  9/9        EV:  9    Int: 11    God:    Ignis [*.....]
Gold:   294        SH:  0    Dex:  7    Spells: 10/10 levels left

rFire   + + .      SeeInvis .   a - +0 war axe
rCold   . . .      Faith    .   (no shield)
rNeg    . . .      Spirit   .   s - +1 chain mail
rPois   .          Reflect  .   (helmet restricted)
rElec   .          Harm     .   (no cloak)
rCorr   +          Rampage  .   (no gloves)
Will    .....                   (no boots)
Stlth   ..........              p - amulet of regeneration
HPRegen 1.04/turn               n - ring of protection from fire
MPRegen 0.11/turn               d - ring of resist corrosion

@: marked, studying 2 skills
A: horns 2, retaliatory headbutt
a: Renounce Religion, Fiery Armour, Foxfire Swarm, Rising Flame


You were on level 7 of the Dungeon.
You worshipped Ignis.
Ignis was aware of your devotion.
You visited 1 branch of the dungeon, and saw 7 of its levels.

You collected 415 gold pieces.
You spent 121 gold pieces at shops.

Inventory:

Hand Weapons
 a - a +0 war axe (weapon)
 b - the +3 hunting sling of Descent {vorpal, rPois rCorr Int+3 Stlth-}
   (You found it on level 6 of the Dungeon)

   Any ammunition fired from it inflicts extra damage upon your enemies.
   Int:       It affects your intelligence (+3).
   rPois:     It protects you from poison.
   rCorr:     It protects you from acid and corrosion.
   Stlth:     It makes you less stealthy.
 j - a +2 vorpal trident
 u - a +2 spear of flaming
 F - a +0 vorpal morningstar
Missiles
 c - 150 stones
 f - 135 arrows
 l - 32 sling bullets
 q - 33 bolts
 x - 17 poisoned darts (quivered)
Armour
 s - a +1 chain mail (worn)
Magical Staves
 w - a staff of earth
Jewellery
 d - a ring of resist corrosion (right hand)
 n - a ring of protection from fire (left hand)
 p - an amulet of regeneration (around neck)
 D - the ring of Xiof {rElec MP+9 Dex+2}
   (You took it off a wight on level 7 of the Dungeon)

   [ring of magical power]

   Dex:       It affects your dexterity (+2).
   rElec:     It insulates you from electricity.
   MP:        It affects your magic capacity (+9).
Wands
 E - a wand of paralysis (7)
Scrolls
 g - a scroll of immolation
 i - 2 scrolls of vulnerability
 o - 2 scrolls of blinking
 t - 3 scrolls of enchant armour
 y - a scroll of teleportation {unknown}
 C - a scroll of identify
Potions
 e - a potion of resistance
 h - 2 potions of mutation
 k - a potion of might
 m - a potion of brilliance {unknown}
 r - 4 potions of curing
 v - a potion of haste {unknown}
 z - a potion of attraction {unknown}
 A - a potion of invisibility
 B - a potion of lignification {unknown}


   Skills:
 * Level 9.4 Fighting
 * Level 8.5(9.7) Axes
 - Level 3.9(6.7) Maces & Flails
 - Level 5.7(8.0) Polearms
 + Level 5.1 Slings
 * Level 8.4 Armour
 + Level 5.2 Dodging
 - Level 1.0 Spellcasting
 - Level 2.1 Fire Magic


You had 10 spell levels left.
You didn't know any spells.
Your spell library contained the following spells:

 Spells                   Type           Power      Damage    Failure   Level
 Scorch                   Fire           10%        2d6       78%         2
 Beastly Appendage        Tmut           0%         N/A       91%         1
 Wereblood                Tmut           0%         N/A       97%         2
 Spider Form              Tmut/Pois      0%         N/A       99%         3


Dungeon Overview and Level Annotations

Branches:
Dungeon (7/15)
 Temple: D:4-7

Altars:

Shops:
D:3 =   D:6 !

Annotations:
D:7 Harold


Innate Abilities, Weirdness & Mutations

You have a pair of horns on your head.
You reflexively headbutt those who attack you in melee.


Message History

The harpoon shot hits you.
You are yanked forward by the harpoon shot.
a - a +0 war axe (weapon)
Harold barely misses you.
You hit Harold.
Harold is moderately wounded.
Harold hits you with a +0 long sword!
You hit Harold but do no damage. You headbutt Harold!
Harold is moderately wounded.
Harold barely misses you. You furiously retaliate!
You headbutt Harold, but do no damage. You hit Harold.
Harold is heavily wounded.
Harold hits you with a +0 long sword!
You hit Harold but do no damage.
Harold is heavily wounded.
Harold hits you with a +0 long sword!
You slash Harold!
Harold is heavily wounded.
Harold casts a spell at you.
You barely resist. You slash Harold! You headbutt Harold, but do no damage.
Harold is severely wounded.
Harold hits you with a +0 long sword!!
You slash Harold!
Harold is severely wounded.
Harold hits you with a +0 long sword!
* * * LOW HITPOINT WARNING * * *
You hit Harold. You headbutt Harold!
Harold is almost dead.
Harold points at you and mumbles some strange words.
The mark upon you grows brighter.
You hit Harold.
Harold is almost dead.
Harold hits you with a +0 long sword!
* * * LOW HITPOINT WARNING * * *
You hit Harold.
Harold is almost dead.
Harold hits you with a +0 long sword!!
You die...

####.###.#### .....
#...........#
.....#
#...........###
......
#...([.....§.##
......#
#........###§..
..((...###......###
####
....(..?##....### #
.....(@.##...## #
#@#...## ##..###
###..## # ##...##
### ### #..### ##..
####.. #.(##
##...#####.....
....##
#.....#......##
#.....
#.........####
..#.... #####...###


You could see Harold.

Vanquished Creatures
  Pikel (D:6)
  A centaur zombie (D:7)
  Maggie (D:7)
  Prince Ribbit (D:7)
  Menkaure (D:7)
  4 sky beasts
  A black bear (D:6)
  A hornet zombie (D:5)
  4 ogres (D:4)
  A necrophage (D:4)
  3 centaurs
  2 lemures (D:6)
  A phantom (D:5)
  2 kobold brigands (D:7)
  A scorpion (D:5)
  3 wights (D:7)
  A howler monkey (D:5)
  A centaur skeleton (D:7)
  6 hounds
  A jelly (D:6)
  3 orc priests
  A bullfrog zombie (D:5)
  2 iguanas (D:6)
  4 orc wizards
  A howler monkey zombie (D:5)
  10 adders
  A gnoll (D:4)
  A howler monkey skeleton (D:5)
  A shadow imp (D:6)
  2 ufetubi
  2 worms (D:2)
  2 dart slugs
  15 orcs
  8 endoplasms
  4 giant cockroaches
  6 goblins
  7 hobgoblins
  4 quokkas
  5 ball pythons
  6 bats
  2 frilled lizards
  10 kobolds
  2 rats
  105 foxfires
241 creatures vanquished.

Notes
Turn   | Place    | Note
-------+----------+-------------------------------------------
     0 | D:1      | jfcaron the Minotaur Cinder Acolyte began the quest for the
                  | Orb.
     0 | D:1      | Reached XP level 1. HP: 19/19 MP: 1/1
   440 | D:1      | Reached XP level 2. HP: 27/27 MP: 2/2
   444 | D:1      | Reached skill level 1 in Armour
   602 | D:1      | Reached skill level 4 in Fighting
   977 | D:2      | Reached XP level 3. HP: 33/33 MP: 3/3
  1231 | D:2      | Reached skill level 1 in Polearms
  1495 | D:2      | Reached skill level 1 in Dodging
  1864 | D:2      | Reached skill level 1 in Slings
  1864 | D:2      | Reached XP level 4. HP: 29/41 MP: 4/4
  2155 | D:3      | Reached XP level 5. HP: 46/47 MP: 5/5
  2361 | D:3      | Found a faded altar of an unknown god.
  2420 | D:3      | Reached skill level 5 in Fighting
  2644 | D:3      | Found Apsamya's Jewellery Shop.
  3069 | D:4      | Noticed an ogre
  3084 | D:4      | Killed an ogre
  3085 | D:4      | Reached XP level 6. HP: 56/56 MP: 6/6
  3153 | D:4      | Identified the +1 robe of Dyspraxia {-Tele Str+5 Slay+3
                  | Archmagi}
  3369 | D:4      | Reached XP level 7. HP: 53/62 MP: 7/7
  3570 | D:4      | Reached skill level 6 in Fighting
  3898 | D:5      | Entered Level 5 of the Dungeon
  3914 | D:5      | Reached skill level 5 in Armour
  4143 | D:5      | Reached skill level 5 in Polearms
  4154 | D:5      | Reached XP level 8. HP: 36/71 MP: 8/8
  4536 | D:5      | Identified the +4 short sword of Evolution {vorpal, rPois
                  | rN+}
  4665 | D:5      | Reached skill level 7 in Fighting
  5197 | D:5      | Reached skill level 1 in Axes
  5815 | D:6      | Identified the +3 hunting sling of Descent {vorpal, rPois
                  | rCorr Int+3 Stlth-}
  5883 | D:6      | Noticed Pikel
  5903 | D:6      | Killed Pikel
  5904 | D:6      | Reached skill level 8 in Fighting
  5904 | D:6      | Reached skill level 5 in Axes
  5904 | D:6      | Reached XP level 9. HP: 55/81 MP: 9/9
  6161 | D:6      | Found Viuzohoe's Distillery.
  6169 | D:6      | Bought a potion of curing for 33 gold pieces
  6169 | D:6      | Bought a potion of invisibility for 88 gold pieces
  6932 | D:7      | Noticed Menkaure
  6936 | D:7      | Killed Menkaure
  7081 | D:7      | Identified the ring of Xiof {rElec MP+9 Dex+2}
  7109 | D:7      | Reached skill level 9 in Fighting
  7109 | D:7      | Reached skill level 5 in Dodging
  7469 | D:7      | Noticed Maggie
  7476 | D:7      | Paralysed by Maggie for 5 turns
  7486 | D:7      | Killed Maggie
  7487 | D:7      | Reached skill level 5 in Slings
  7509 | D:7      | Noticed Prince Ribbit
  7513 | D:7      | Noticed Harold
  7521 | D:7      | Killed Prince Ribbit
  7553 | D:7      | HP: 9/84 [Harold (16)]
  7554 | D:7      | Mangled by Harold

Illustrated notes

Levels and vault maps discovered:
D:1:      dpeg_arrival_round_c, layout_basic
D:2:      layout_loops_ring
D:3:      layout_basic, dreamdust_ecumenical_altar_statues, serial_shops,
          nicolae_shop_crystal
D:4:      layout_loops_ring, minmay_manual_monstrance
D:5:      layout_loops_ring, chequers_serial_rivers_room_a,
          hangedman_decor_clover_reticule, grunt_ministairs_6
D:6:      layout_loops_ring, serial_shops, nicolae_shop_trees,
          grunt_ministairs_11, uniq_pikel
D:7:      layout_cave_pods, minmay_temple_entry_crystal_x,
          nicolae_elevator_lobby_plus, uniq_harold, uniq_menkaure,
          uniq_prince_ribbit1, uniq_maggie

Skill      XL: |  1  2  3  4  5  6  7  8  9 |
---------------+----------------------------+-----
Armour         | 1 2 3 4 5 7 8 |  8.4
Fighting       | 4 5 6 8 9 |  9.4
Polearms       | 1 2 3 4 5 |  5.7
Dodging        | 1 2 3 4 5 |  5.2
Slings         | 1 2 3 4 5 |  5.1
Axes           | 5 8 |  8.5
Maces & Flails | |  3.9
Spellcasting   | |  1.0
Fire Magic     | |  2.1

Action                   |  1- 3 |  4- 6 |  7- 9 || total
-------------------------+-------+-------+-------++-------
Melee: Mace              |    20 |       |       ||    20
       Spear             |    16 |    48 |       ||    64
       Headbutt          |     1 |     6 |    32 ||    39
       Punch             |       |     1 |     2 ||     3
       Trident           |       |     9 |    99 ||   108
       War axe           |       |       |   105 ||   105
 Fire: Hunting sling     |    61 |    63 |   112 ||   236
Throw: Stone             |     3 |     3 |    11 ||    17
       Dart              |       |       |     1 ||     1
Invok: Fiery Armour      |     3 |     1 |       ||     4
       Foxfire Swarm     |       |     2 |     3 ||     5
  Use: Scroll            |       |     4 |     7 ||    11
       Potion            |       |       |     1 ||     1
Armor: Robe              |     9 |       |       ||     9
       Scale mail        |       |    12 |       ||    12
       Chain mail        |       |    11 |   107 ||   118
Dodge: Dodged            |    22 |    17 |   102 ||   141

Table legend: (Time is in decaauts)
 A = Elapsed time spent in this place.
 B = Non-inter-level travel time spent in this place.
 C = Inter-level travel time spent in this place.
 D = Time resting spent in this place.
 E = Time spent auto-exploring this place.
 F = Levels seen in this place.
 G = Mean time per level.
                   A        B        C        D        E       F      G
               +--------+--------+--------+--------+--------+-----+--------+
         Total |   7537 |   7068 |    469 |   1312 |   4598 |   7 | 1076.7 |
       Dungeon |   7537 |   7068 |    469 |   1312 |   4598 |   7 | 1076.7 |
               +--------+--------+--------+--------+--------+-----+--------+

Top non-repeatable levels by time:
     D:4: 1250 daAuts
     D:5: 1193 daAuts
     D:2: 1100 daAuts
     D:3: 1070 daAuts
     D:1: 1017 daAuts
     D:6: 1004 daAuts
     D:7: 900 daAuts
